 Dungeon Crawl Stone Soup version 0.30.1-11-g7821555f0a (webtiles) character file.

Game seed: 8780446523463273546

5856 Ekaitz the Zephyrmancer (level 10, -5/59 HPs)
             Began as a Tengu Air Elementalist on Dec 22, 2023.
             Was a Believer of Vehumet.
             Slain by an orc warrior
             ... wielding a +2 heavy hand axe
              (11 damage)
             ... on level 9 of the Dungeon.
             The game lasted 00:25:11 (8772 turns).

Ekaitz the Zephyrmancer (Tengu Air Elementalist)    Turns: 8772, Time: 00:25:11

Health: -5/59      AC: 13    Str:  8    XL:     10   Next: 81%
Magic:  4/28       EV: 18    Int: 19    God:    Vehumet [**....]
Gold:   459        SH: 10    Dex: 16    Spells: 10/20 levels left

rFire   . . .        c - +2 dagger (venom)
rCold   . . .        n - +0 buckler
rNeg    . . .        N - +0 steam dragon scales
rPois   .            s - +0 hat
rElec   .            D - +2 cloak {Stlth+}
rCorr   .            h - +0 pair of gloves
SInv    .            (boots unavailable)
Will    .....        R - amulet of reflection
Stlth   ++++         o - ring of magical power
HPRegen 0.29/turn    B - +4 ring of protection
MPRegen 0.21/turn

%: reflection
@: flying quickly and evasively, quick
A: beak, talons 3, nimble flight
a: Renounce Religion


You were on level 9 of the Dungeon.
You worshipped Vehumet.
Vehumet was pleased with you.
You visited 1 branch of the dungeon, and saw 9 of its levels.

You collected 587 gold pieces.
You spent 128 gold pieces at shops.

Inventory:

Hand Weapons
 c - a +2 dagger of venom (weapon)
 f - a +4 dagger
 q - a +1 long sword of holy wrath
 G - a +0 long sword of electrocution
 I - a +1 scythe of freezing
 L - a +5 scimitar
 O - a +0 long sword of draining
 P - a +4 scimitar of freezing
Missiles
 u - 25 poisoned darts
Armour
 a - the +0 leather armour of the Arena {rN+ rCorr Str+2 Int+3}
   (You found it on level 7 of the Dungeon)

   Str:       It affects your strength (+2).
   Int:       It affects your intelligence (+3).
   rN:        It protects you from negative energy.
   rCorr:     It protects you from acid and corrosion.
 h - a +0 pair of gloves (worn)
 n - a +0 buckler (worn)
 s - a +0 hat (worn)
 C - +2 swamp dragon scales
 D - a +2 cloak of stealth (worn)
 N - +0 steam dragon scales (worn)
 S - a +0 troll leather armour
Magical Staves
 j - a staff of fire
Jewellery
 i - a ring of ice
 o - a ring of magical power (left hand)
 B - a +4 ring of protection (right hand)
 R - an amulet of reflection (around neck)
Wands
 y - a wand of polymorph (7)
 J - a wand of acid (9)
 M - a wand of charming (9)
 U - a wand of roots (5)
Scrolls
 g - 4 scrolls of magic mapping {unknown}
 k - a scroll of butterflies {unknown}
 m - a scroll of enchant armour {unknown}
 p - 7 scrolls of identify
 t - 4 scrolls of teleportation
 x - a scroll of acquirement {unknown}
 z - a scroll of noise {unknown}
 A - 5 scrolls of vulnerability {unknown}
 E - 3 scrolls of fog {unknown}
 F - a scroll of blinking {unknown}
 K - 2 scrolls of poison {unknown}
Potions
 b - a potion of magic
 d - 2 potions of brilliance {unknown}
 e - a potion of lignification
 l - a potion of heal wounds
 r - 2 potions of resistance {unknown}
 v - 3 potions of haste
 w - 7 potions of curing {unknown}
 H - a potion of ambrosia {unknown}
 Q - a potion of mutation {unknown}
 T - a potion of attraction {unknown}


   Skills:
 * Level 5.1 Fighting
 + Level 1.6(1.9) Short Blades
 + Level 1.1(1.6) Long Blades
 * Level 6.9 Dodging
 + Level 4.8 Stealth
 * Level 5.3 Shields
 + Level 5.7 Spellcasting
 * Level 8.1 Conjurations
 * Level 11.2 Air Magic


You had 10 spell levels left.
You knew the following spells:

 Your Spells              Type           Power      Damage    Failure   Level
a - Shock                 Conj/Air       100%       1d9       1%          1
b - Static Discharge      Conj/Air       84%        2-6/arc   1%          2
c - Swiftness             Air            48%        N/A       1%          3
d - Airstrike             Air            24%        2d(4-20)  1%          4

Your spell library contained the following spells:

 Spells                   Type           Power      Damage    Failure   Level
 Foxfire                  Conj/Fire      80%        2x1d8     3%          1
 Sublimation of Blood     Necr           5%         N/A       26%         2
 Irradiate                Conj/Tmut      10%        3d15      65%         5
 Petrify                  Tmut/Erth      5%         N/A       86%         4


Dungeon Overview and Level Annotations

Branches:
Dungeon (9/15)             Temple (0/1) D:7
   Lair: D:8-11         Orc: D:9-12

Altars:
Cheibriados
Kikubaaqudgha
Okawaru
Sif Muna
Vehumet
Wu Jian
Zin

Shops:
D:5 ?***=   D:8 (


Innate Abilities, Weirdness & Mutations

You have a beak for a mouth.
You have claws for feet.
Your magical nature lets you fly swiftly and evasively.


Message History

You are no longer poisoned.
Casting: Static Discharge (safe; 1% risk of failure)
Confirm with . or Enter, or press ? or * to list all spells.
Aiming: Airstrike (dangerous; 1% risk of failure)
Press: ? - help, Dir - move target, f - orc warrior
Aim: an orc warrior, wielding a +2 heavy hand axe and wearing a +0 chain mail (empty space bonus: 8/8)
The air twists around and strikes the orc warrior!!
The orc warrior is severely wounded.
Unknown command.
You hit the orc warrior but do no damage.
The orc warrior is poisoned.
Your peck misses the orc warrior.
The orc warrior is severely wounded.
The orc warrior closely misses you.
You hit the orc warrior but do no damage.
Your kick misses the orc warrior.
The orc warrior is almost dead.
The orc warrior hits you with a +2 heavy hand axe!
* * * LOW HITPOINT WARNING * * *
Unknown command.
Casting: Airstrike (dangerous; 1% risk of failure)
Confirm with . or Enter, or press ? or * to list all spells.
Aiming: Airstrike (dangerous; 1% risk of failure)
Press: ? - help, Dir - move target, f/p - orc warrior
Aim: an orc warrior, wielding a +2 heavy hand axe and wearing a +0 chain mail (severely wounded, very poisoned, empty space bonus: 7/8)
The air twists around and strikes the orc warrior.
The orc warrior is almost dead.
Unknown command.
Casting: Airstrike (dangerous; 1% risk of failure)
Confirm with . or Enter, or press ? or * to list all spells.
Aiming: Shock (safe; 1% risk of failure)
Press: ? - help, Shift-Dir - straight line, f/p - orc warrior
Aim: an orc warrior, wielding a +2 heavy hand axe and wearing a +0 chain mail (almost dead, very poisoned, 71% to hit)
The zap hits the orc warrior but does no damage.
The orc warrior is almost dead.
The zap hits the orc!
You kill the orc!
Vehumet accepts your kill.
You feel your power returning.
The orc warrior hits you with a +2 heavy hand axe!
You die...

### ### ### ### ##.###### ##.##
#.###.## #....#..## ###...#
.......# #........####.##.##
#.....## #.........#.......#
......######.#..........##.##
#.#....#.#.#.#..........####
###.#....................###
#.......#......@o)........####
#...#....................))#.###
##......#..............#.......y
####....##.......................
.##....##...................#...#
...#...##..................###.#.
####.†####.#..............## ...
####...#.##.#..........(..# ...
..##.....................## ..


You could see an orc warrior (very poisoned).

Vanquished Creatures
  A two-headed ogre (D:9)
  Maggie (D:7)
  A komodo dragon (D:8)
  A troll (D:8)
  Sigmund (D:6)
  3 steam dragons
  Menkaure (D:6)
  A water moccasin (D:6)
  4 ice beasts
  An orc warrior (D:6)
  2 black bears
  2 sky beasts
  2 centaurs
  A phantom (D:5)
  A kobold brigand (D:8)
  A gnoll sergeant (D:5)
  2 bullfrogs
  5 scorpions
  7 wights
  15 killer bees
  2 howler monkeys (D:8)
  Crazy Yiuf (D:3)
  7 orc priests
  5 hounds
  A jelly (D:5)
  3 sleepcaps
  4 iguanas
  7 orc wizards
  6 gnolls (D:5)
  10 adders
  2 white imps
  A worm (D:2)
  2 dart slugs
  29 orcs
  5 endoplasms
  7 giant cockroaches
  3 goblins
  8 hobgoblins
  5 jackals
  2 quokkas (D:1)
  6 ball pythons
  6 frilled lizards (D:8)
  9 kobolds
  A rat (D:1)
185 creatures vanquished.

Vanquished Creatures (others)
  An orc wizard (D:7)
1 creature vanquished.

Grand Total: 186 creatures vanquished

Notes
Turn   | Place    | Note
-------+----------+-------------------------------------------
     0 | D:1      | Ekaitz the Tengu Air Elementalist began the quest for the
                  | Orb.
     0 | D:1      | Reached XP level 1. HP: 10/10 MP: 4/4
   419 | D:1      | Reached XP level 2. HP: 13/15 MP: 3/6
   426 | D:1      | Learned a level 2 spell: Static Discharge
  1014 | D:1      | Found a faded altar of an unknown god.
  1374 | D:2      | Reached XP level 3. HP: 15/20 MP: 7/7
  1378 | D:2      | Learned a level 3 spell: Swiftness
  1643 | D:2      | You fall into a shaft and drop 2 floors!
  1644 | D:4      | Noticed a black bear
  1654 | D:4      | Killed a black bear
  1655 | D:4      | Reached skill level 1 in Fighting
  1655 | D:4      | Reached skill level 5 in Air Magic
  1655 | D:4      | Reached XP level 4. HP: 17/25 MP: 8/8
  1655 | D:4      | Gained mutation: Your magical nature lets you fly swiftly
                  | and evasively. [Tengu growth]
  1655 | D:4      | Reached XP level 5. HP: 20/29 MP: 9/9
  1754 | D:4      | Found an ornate altar of the Wu Jian Council.
  2041 | D:4      | Found a snail-covered altar of Cheibriados.
  2072 | D:4      | Found an iron altar of Okawaru.
  2073 | D:4      | Found a glowing silver altar of Zin.
  2266 | D:4      | Reached XP level 6. HP: 32/35 MP: 10/10
  2508 | D:3      | Learned a level 4 spell: Airstrike
  2871 | D:3      | Found a runed translucent door.
  2872 | D:3      | Noticed Crazy Yiuf
  3489 | D:3      | Killed Crazy Yiuf
  3490 | D:3      | Reached skill level 1 in Short Blades
  3821 | D:5      | Entered Level 5 of the Dungeon
  3821 | D:5      | Found Nyodol's Assorted Antiques.
  3822 | D:5      | Found Goco's Jewellery Boutique.
  3895 | D:5      | Noticed an ice beast
  4063 | D:5      | Found Nighepn's General Store.
  4071 | D:5      | Bought a scroll of identify for 20 gold pieces
  4161 | D:5      | Found Fogoygu's Magic Scroll Shop.
  4166 | D:5      | Reached skill level 6 in Air Magic
  4185 | D:5      | Bought a scroll of teleportation for 33 gold pieces
  4204 | D:5      | Found Ulifism's General Store.
  4266 | D:5      | Reached skill level 1 in Shields
  4266 | D:5      | Reached XP level 7. HP: 37/40 MP: 12/12
  4836 | D:5      | Reached skill level 5 in Conjurations
  4836 | D:5      | Reached XP level 8. HP: 45/45 MP: 11/13
  4919 | D:5      | Reached skill level 7 in Air Magic
  5212 | D:5      | Bought a potion of heal wounds for 75 gold pieces
  5307 | D:6      | Noticed Sigmund
  5354 | D:6      | Noticed Menkaure
  5556 | D:6      | Killed Menkaure
  5995 | D:6      | Killed Sigmund
  5996 | D:6      | Reached skill level 5 in Dodging
  5996 | D:6      | Reached skill level 8 in Air Magic
  6107 | D:6      | Reached XP level 9. HP: 51/51 MP: 16/16
  6203 | D:6      | Found a shimmering blue altar of Sif Muna.
  6217 | D:6      | Found an ancient bone altar of Kikubaaqudgha.
  6232 | D:6      | Found a radiant altar of Vehumet.
  6239 | D:6      | Became a worshipper of Vehumet
  6427 | D:6      | Reached skill level 9 in Air Magic
  6654 | D:7      | Identified the +0 leather armour of the Arena {rN+ rCorr
                  | Str+2 Int+3}
  6658 | D:7      | Found a staircase to the Ecumenical Temple.
  6957 | D:7      | Reached * piety under Vehumet
  6957 | D:7      | Offered knowledge of Magic Dart by Vehumet.
  7060 | D:7      | Noticed Maggie
  7066 | D:7      | Killed Maggie
  7067 | D:7      | Reached skill level 5 in Spellcasting
  7067 | D:7      | Reached skill level 10 in Air Magic
  7067 | D:7      | Reached XP level 10. HP: 29/57 MP: 1/18
  7875 | D:8      | Found Xixed's Antique Weapon Shoppe.
  8115 | D:8      | Offered knowledge of Foxfire by Vehumet.
  8123 | D:8      | Reached ** piety under Vehumet
  8192 | D:8      | Reached skill level 5 in Shields
  8631 | D:9      | Noticed a two-headed ogre
  8637 | D:9      | Killed a two-headed ogre
  8638 | D:9      | Reached skill level 11 in Air Magic
  8751 | D:9      | Reached skill level 1 in Long Blades
  8752 | D:9      | Reached skill level 5 in Fighting
  8772 | D:9      | Slain by an orc warrior

Illustrated notes

Levels and vault maps discovered:
D:1:      erik_arrival_cave_to_civilisation [erik_arrival_cave_to_hall],
          layout_loops_ring, shapermc_ecumenical_altar_acropolis,
          minmay_gold_behind_fungi
D:2:      layout_basic
D:3:      layout_loops_corners, uniq_crazy_yiuf_cottage
D:4:      layout_gridville, grunt_temple_overflow_open,
          mainiacjoe_overflow_boulevard
D:5:      layout_rooms, serial_shops, nicolae_shop_advertising_works
          [nicolae_subvault_shop_adworks], nicolae_inconvenience_store,
          nicolae_shop_hallway_plus, shop, shop, hangedman_decor_riveting,
          minmay_puff
D:6:      minmay_bubble_buster, layout_cave_pools, palyth_temple_overflow_mages,
          uniq_menkaure, uniq_sigmund
D:7:      layout_rooms, minmay_temple_entry_drinking_statues, uniq_maggie
D:8:      layout_basic, serial_shops, nicolae_diamond_shop, minmay_lizard_king
D:9:      layout_cross, grunt_ministairs_9, hangedman_decor_opposing,
          minivault_5, nicolae_elevator_lobby_plus

Skill      XL: |  1  2  3  4  5  6  7  8  9 10 |
---------------+-------------------------------+-----
Conjurations   | 2 3 4 5 6 7 8 |  8.1
Fighting       | 1 2 3 4 5 |  5.1
Air Magic      | 5 6 8 10 11 | 11.2
Dodging        | 3 4 5 6 |  6.9
Short Blades   | 1 |  1.6
Stealth        | 3 4 |  4.8
Shields        | 1 2 4 5 |  5.3
Spellcasting   | 3 4 5 |  5.7
Long Blades    | 1 |  1.1

Action                     |  1- 3 |  4- 6 |  7- 9 | 10-12 || total
---------------------------+-------+-------+-------+-------++-------
  Melee: Short sword       |    11 |    44 |    12 |       ||    67
         Kick              |     8 |    13 |    13 |     6 ||    40
         Peck              |     3 |    11 |     8 |     1 ||    23
         Long sword        |       |       |     3 |       ||     3
         Dagger            |       |       |    23 |     8 ||    31
         Scimitar          |       |       |       |    10 ||    10
   Cast: Shock             |    42 |    50 |   127 |    68 ||   287
         Static Discharge  |     5 |    12 |    18 |    18 ||    53
         Airstrike         |       |     1 |    21 |     8 ||    30
         Swiftness         |       |     1 |       |       ||     1
    Use: Scroll            |       |       |       |     3 ||     3
   Stab: Sleeping          |     1 |     9 |    10 |     6 ||    26
 Armour: Robe              |     6 |    16 |    21 |       ||    43
         Steam dragon scal |       |       |     9 |     4 ||    13
  Dodge: Dodged            |    17 |    57 |    76 |    41 ||   191
  Block: Buckler           |       |       |    17 |    31 ||    48
